 Dungeon Crawl Stone Soup version 0.30-a0-913-g9934a0ce24 (webtiles) character file.

Game seed: 5041386721948746244

8340 bobarctor the Fighter (level 11, -1/92 HPs)
             Began as a Demonspawn Berserker on Mar 19, 2023.
             Was a Priest of Trog.
             Slain by a komodo dragon (13 damage)
             ... on level 1 of the Lair of Beasts.
             The game lasted 00:32:02 (10921 turns).

bobarctor the Fighter (Demonspawn Berserker)       Turns: 10921, Time: 00:32:03

Health: -1/92      AC: 11    Str: 17    XL:     11   Next: 8%
Magic:  0/11       EV: 15    Int:  8    God:    Trog [***...]
Gold:   628        SH:  0    Dex: 18    Spells: 10/10 levels left

rFire   . . .      SeeInvis .    W - +0 morningstar
rCold   . . .      Faith    .    (no shield)
rNeg    . . .      Spirit   +    I - +0 steam dragon scales
rPois   .          Reflect  .    (helmet restricted)
rElec   .          Rampage  .    v - +0 cloak
rCorr   .                        (no gloves)
Will    ++...                    y - +0 pair of boots
Stlth   +++                      b - amulet of magic regeneration
HPRegen 1.35/turn                E - +4 ring of slaying
MPRegen 0.64/turn                (no ring)

@: strong-willed, on berserk cooldown, regenerating, slowed, very slow
A: antennae 2, icy blue scales 2, powered by pain 1, magic shield, magic
regeneration
a: Renounce Religion, Berserk, Trog's Hand


You were on level 1 of the Lair of Beasts.
You worshipped Trog.
Trog was most pleased with you.
You visited 3 branches of the dungeon, and saw 11 of its levels.

You collected 628 gold pieces.

Inventory:

Hand Weapons
 a - a +0 mace
 K - a +0 flail
 L - a +0 shortbow
 M - a +3 heavy trident
 R - a +3 halberd of freezing
 W - a +0 morningstar (weapon)
Missiles
 c - 27 poisoned darts (quivered)
 w - 12 javelins
 S - a boomerang
 T - a curare-tipped dart
 U - a throwing net
Armour
 v - a +0 cloak (worn)
 y - a +0 pair of boots (worn)
 I - +0 steam dragon scales (worn)
 O - an orb of light
 P - a +1 plate armour of poison resistance
Jewellery
 b - an amulet of magic regeneration (around neck)
 t - a ring of fire
 E - a +4 ring of slaying (left hand)
 X - an amulet of the acrobat
Wands
 B - a wand of charming (2)
 G - a wand of flame (8)
Scrolls
 e - 2 scrolls of enchant armour {unknown}
 g - 2 scrolls of enchant weapon {unknown}
 h - 14 scrolls of identify {unknown}
 i - 4 scrolls of silence {unknown}
 j - 2 scrolls of summoning {unknown}
 l - 4 scrolls of magic mapping {unknown}
 m - 2 scrolls of fog {unknown}
 n - 2 scrolls of amnesia {unknown}
 q - 2 scrolls of poison {unknown}
 u - 5 scrolls of immolation {unknown}
 A - 3 scrolls of blinking {unknown}
 D - a scroll of noise {unknown}
 F - a scroll of torment {unknown}
 Q - a scroll of teleportation {unknown}
Potions
 d - 10 potions of curing {unknown}
 f - 2 potions of mutation {unknown}
 k - a potion of lignification {unknown}
 o - 2 potions of haste {unknown}
 p - a potion of attraction {unknown}
 r - a potion of flight {unknown}
 s - 3 potions of brilliance {unknown}
 x - 4 potions of heal wounds {unknown}
 z - 5 potions of degeneration {unknown}
 C - 4 potions of berserk rage {unknown}
 H - a potion of resistance {unknown}
 J - a potion of might {unknown}
 N - 2 potions of ambrosia {unknown}
 V - a potion of magic {unknown}


   Skills:
 * Level 10.4 Fighting
 + Level 10.2 Maces & Flails
 * Level 4.4 Armour
 + Level 6.4 Dodging
 + Level 4.1 Stealth


You had 10 spell levels left.
You didn't know any spells.
Your spell library contained the following spells:

 Spells                   Type           Power      Damage    Failure   Level
 Summon Guardian Golem    Hex/Summ       0%         N/A       78%         3
 Orb of Destruction       Conj           0%         9d5       100%        7
 Spellforged Servitor     Conj/Summ      0%         N/A       100%        7


Dungeon Overview and Level Annotations

Branches:
Dungeon (9/15)             Temple (1/1) D:6            Lair (1/5) D:8
    Orc: D:9-12

Altars:
Cheibriados
Dithmenos
Fedhas
Hepliaklqana
Kikubaaqudgha
Makhleb
Nemelex Xobeh
Okawaru
Qazlal
Ru
Sif Muna
Trog
Vehumet
Wu Jian
Xom
Yredelemnul

Shops:
D:9 (

Annotations:
D:6 3 runed translucent doors, hikkokomori's ghost, novice MfGl


Innate Abilities, Weirdness & Mutations

You have a pair of antennae on your head.
You are mostly covered in icy blue scales. (AC +3)
You sometimes gain a little power by taking damage.
When hurt, damage is shared between your health and your magic reserves.
You regenerate magic rapidly.


Message History

You resist with some effort.
Your limbs are stiffening.
You barely miss the basilisk.
The komodo dragon bites you but does no damage.
The basilisk barely misses you.
You puncture the basilisk!
The basilisk is moderately wounded.
The komodo dragon bites you. The basilisk bites you.
You have turned to stone.
The komodo dragon bites you! The basilisk gazes at you.
The komodo dragon bites you. The basilisk gazes at you.
You resist with some effort.
You are no longer berserk.
You feel yourself slow down. The komodo dragon bites you!!
The basilisk bites you! The komodo dragon bites you!
The basilisk barely misses you.
The komodo dragon hisses menacingly.
The komodo dragon bites you!!
You focus on the pain.
You feel your power returning. The basilisk bites you!
The komodo dragon barely misses you. The basilisk bites you!
The komodo dragon bites you but does no damage.
The basilisk bites you! The komodo dragon bites you!!
* * * LOW HITPOINT WARNING * * *
The basilisk bites you but does no damage.
You turn to flesh and can move again.
Unknown command.
Your skin crawls.
You feel strong-willed. The komodo dragon closely misses you.
The basilisk gazes at you. You resist with almost no effort.
The komodo dragon bites you!!
* * * LOW HITPOINT WARNING * * *
The basilisk attacks as you move away!
The basilisk bites you but does no damage.
You see here 17 gold pieces.
You hit the komodo dragon.
The komodo dragon is lightly wounded.
The komodo dragon bites you!!
You die...

####..#########....#
#.#......P#........#{
#.$..........?.....##
#......................
#......................
#......................
#......................
#......l...............
#.....@l†..............
#..........)..........
#....................
#...................
#..............
#..............
#........!.....
#..............


You could see a komodo dragon and a basilisk.

Vanquished Creatures
  A death yak (D:8)
  A cane toad (Lair:1)
  Psyche (D:9)
  An unseen horror zombie (D:8)
  2 rime drakes (Lair:1)
  3 komodo dragons (Lair:1)
  A hornet (D:9)
  A shadow (D:9)
  A wyvern (D:8)
  5 yaks (D:8)
  3 steam dragons
  4 water moccasins
  A sky beast (D:7)
  2 black bears (D:8)
  A hornet zombie (D:8)
  2 ogres
  2 centaurs
  A phantom (D:5)
  A kobold brigand (D:4)
  Blork the orc (D:4)
  2 gnoll sergeants
  A necrophage (D:8)
  5 bullfrogs
  4 scorpions
  2 wyvern zombies (D:8)
  5 wights
  6 killer bees (D:8)
  10 howler monkeys
  4 crimson imps (D:6)
  A centaur zombie (D:8)
  A hound (D:5)
  2 jellies (D:6)
  2 orc priests
  A human zombie (D:8)
  An iguana (D:6)
  A sleepcap (D:6)
  3 orc wizards
  A killer bee zombie (D:8)
  2 mummies (D:8)
  2 howler monkey zombies (D:8)
  17 gnolls
  15 adders
  2 white imps
  A dart slug (D:4)
  15 orcs
  6 ball pythons
  9 endoplasms
  5 giant cockroaches
  3 goblins
  9 hobgoblins
  6 kobolds
  A quokka (D:2)
  3 training dummies (D:9)
  4 bats
  3 rats
190 creatures vanquished.

Vanquished Creatures (others)
  A plant (D:9)
1 creature vanquished.

Grand Total: 191 creatures vanquished

Notes
Turn   | Place    | Note
-------+----------+-------------------------------------------
     0 | D:1      | bobarctor the Demonspawn Berserker began the quest for the
                  | Orb.
     0 | D:1      | Reached XP level 1. HP: 18/18 MP: 1/1
   198 | D:1      | Gained mutation: You regenerate magic rapidly. [demonic
                  | ancestry]
   198 | D:1      | Reached XP level 2. HP: 18/24 MP: 2/2
   880 | D:2      | Reached XP level 3. HP: 29/29 MP: 3/3
   911 | D:2      | Reached ** piety under Trog
  1574 | D:2      | Reached XP level 4. HP: 37/37 MP: 4/4
  2618 | D:3      | Reached XP level 5. HP: 42/42 MP: 5/5
  3204 | D:4      | Noticed Blork the orc
  3212 | D:4      | Killed Blork the orc
  3226 | D:4      | HP: 1/43 [gnoll/+0 spear (4)]
  3229 | D:5      | Entered Level 5 of the Dungeon
  3429 | D:5      | Reached skill level 1 in Stealth
  3432 | D:5      | Gained mutation: You are partially covered in icy blue
                  | scales. (AC +2) [demonic ancestry]
  3432 | D:5      | Reached XP level 6. HP: 49/49 MP: 6/6
  3680 | D:4      | Reached skill level 5 in Fighting
  3701 | D:4      | Found an ancient bone altar of Kikubaaqudgha.
  3701 | D:4      | Found a burning altar of Makhleb.
  3742 | D:4      | Found a radiant altar of Vehumet.
  3742 | D:4      | Found a bloodstained altar of Trog.
  3827 | D:4      | Gained mutation: You sometimes gain a little power by
                  | taking damage. [demonic ancestry]
  3827 | D:4      | Reached XP level 7. HP: 39/56 MP: 7/7
  3925 | D:4      | Found a sparkling altar of Nemelex Xobeh.
  4105 | D:4      | Reached skill level 5 in Maces & Flails
  5076 | D:6      | Found a shimmering altar of Xom.
  5095 | D:6      | Gained mutation: You have a pair of small antennae on your
                  | head. [demonic ancestry]
  5095 | D:6      | Reached XP level 8. HP: 64/64 MP: 8/8
  5340 | D:6      | Found a runed translucent gate.
  5341 | D:6      | Found a runed translucent gate.
  5342 | D:6      | Found a runed translucent gate.
  5557 | D:6      | Noticed hikkokomori's ghost (novice MfGl)
  5736 | D:6      | Found a staircase to the Ecumenical Temple.
  5747 | Temple   | Entered the Ecumenical Temple
  5848 | D:6      | Found an ornate altar of the Wu Jian Council.
  5848 | D:6      | Found an iron altar of Okawaru.
  6572 | D:7      | Gained mutation: When hurt, damage is shared between your
                  | health and your magic reserves. [demonic ancestry]
  6572 | D:7      | Reached XP level 9. HP: 72/72 MP: 9/9
  7251 | D:7      | Found a snail-covered altar of Cheibriados.
  7333 | D:8      | Noticed a death yak
  7361 | D:8      | Reached skill level 5 in Dodging
  7379 | D:8      | Found a staircase to the Lair.
  7591 | D:8      | Killed a death yak
  7925 | D:8      | Found a basalt altar of Yredelemnul.
  8143 | D:8      | Gained mutation: You have a pair of antennae on your head.
                  | [demonic ancestry]
  8143 | D:8      | Reached XP level 10. HP: 72/83 MP: 10/10
  8697 | D:9      | Paralysed by a hornet for 1 turns
  8895 | D:8      | Reached *** piety under Trog
  9196 | D:9      | Noticed Psyche
  9477 | D:9      | Found Haagg's Firing Range.
  9562 | D:9      | Found a blossoming altar of Fedhas.
 10107 | D:9      | Killed Psyche
 10108 | D:9      | Reached skill level 10 in Fighting
 10264 | Lair:1   | Entered Level 1 of the Lair of Beasts
 10438 | Lair:1   | Noticed a cane toad
 10458 | Lair:1   | Killed a cane toad
 10459 | Lair:1   | Reached skill level 10 in Maces & Flails
 10668 | Lair:1   | Gained mutation: You are mostly covered in icy blue scales.
                  | (AC +3) [demonic ancestry]
 10668 | Lair:1   | Reached XP level 11. HP: 92/92 MP: 11/11
 10921 | Lair:1   | Slain by a komodo dragon

Illustrated notes

Levels and vault maps discovered:
D:1:      wander_arrival_chamber, layout_loops_ring, hex_medium
D:2:      layout_loops_corners, grunt_ministairs_4, st_stairs_8,
          minmay_split_cup_small
D:3:      layout_basic, hex_large, serial_bayou_crossing
D:4:      layout_basic, lemuel_tele_altar, grunt_temple_overflow_open,
          mrwooster_statue_mirror, uniq_blork_the_orc
D:5:      layout_cave_pools
D:6:      layout_basic, led_xom_imps, gammafunk_temple_overflow_statue,
          minmay_temple_entry_antechambers, ebering_ghost_rock_garden,
          minmay_between
D:7:      layout_basic, lemuel_round_altar
D:8:      layout_basic, lemuel_mausoleum_altar_yredelemnul, david_lair_generic,
          grunt_decor_arrowhead
D:9:      layout_basic, tso_oasis_becter, fedhas_altar_4,
          nicolae_shop_firing_range, uniq_psyche
Temple:   eino_temple_lava
Lair:1:   layout_hall_layers, gammafunk_ghost_necromancy

Skill      XL: |  1  2  3  4  5  6  7  8  9 10 |
---------------+-------------------------------+-----
Dodging        | 2 3 4 5 6 |  6.4
Maces & Flails | 3 4 5 7 8 10 | 10.2
Fighting       | 4 5 6 7 9 10 | 10.4
Stealth        | 1 2 3 4 |  4.1
Armour         | 2 4 |  4.4

Action                     |  1- 3 |  4- 6 |  7- 9 | 10-12 || total
---------------------------+-------+-------+-------+-------++-------
  Melee: Mace              |   108 |   135 |   125 |       ||   368
         Punch             |     3 |     2 |     9 |     5 ||    19
         Flail             |       |       |   184 |   170 ||   354
         Morningstar       |       |       |       |    47 ||    47
  Throw: Dart              |       |       |       |     5 ||     5
 Invoke: Berserk           |     4 |     7 |    15 |    10 ||    36
         Trog's Hand       |       |       |     1 |     4 ||     5
   Stab: Sleeping          |     1 |       |    13 |     2 ||    16
 Armour: Animal skin       |    18 |    22 |    14 |       ||    54
         Steam dragon scal |       |       |    68 |    55 ||   123
  Dodge: Dodged            |    93 |   111 |   227 |   186 ||   617

Table legend: (Time is in decaauts)
 A = Elapsed time spent in this place.
 B = Non-inter-level travel time spent in this place.
 C = Inter-level travel time spent in this place.
 D = Time resting spent in this place.
 E = Time spent auto-exploring this place.
 F = Levels seen in this place.
 G = Mean time per level.
                   A        B        C        D        E       F      G
               +--------+--------+--------+--------+--------+-----+--------+
         Total |  11342 |  11154 |    188 |   2589 |   6307 |  11 | 1031.1 |
       Dungeon |  10656 |  10468 |    188 |   2347 |   6036 |   9 | 1184.0 |
        Temple |      5 |      5 |      0 |      0 |      0 |   1 |    5.0 |
          Lair |    680 |    680 |      0 |    242 |    271 |   1 |  680.0 |
               +--------+--------+--------+--------+--------+-----+--------+

Top non-repeatable levels by time:
     D:8: 2048 daAuts
     D:6: 1290 daAuts
     D:9: 1185 daAuts
     D:2: 1156 daAuts
     D:3: 1146 daAuts
     D:4: 1129 daAuts
     D:7: 907 daAuts
     D:5: 903 daAuts
     D:1: 889 daAuts
  Lair:1: 680 daAuts
  Temple: 5 daAuts
